Map: Pillars of Gold LE

Players

Powerfoe - Winner!

  • Race: Terran Terran
  • League: Master
  • Spawn Location: 1:00

A.I. 2 (Very Easy)

  • Race: Zerg Zerg
  • Spawn Location: 7:00

VOD

Have the link to the VOD?

Description

Time

  • Played on: Aug. 24, 2020, 5:53 p.m.
  • Length: 9:59
Show
View Real Time Build Order
Export as new Build Order

Powerfoe Terran - Winner!

Build Orders: Mech 

Get SALT Encoding   

  12  0:00  SCV  
  13  0:12  SCV  
  14  0:17  Supply Depot  
  14  0:24  SCV  
  15  0:39  SCV  
  15  0:40  Barracks  
  16  0:45  Refinery  
  16  0:51  SCV  
  17  1:03  SCV  
  18  1:15  SCV  
  19  1:28  Orbital Command  
  19  1:29  Marine  
  20  1:43  Command Center  
  20  1:48  Marine  
  20  1:54  SCV  
  22  1:58  Supply Depot  
  22  2:06  SCV  
  23  2:11  Factory  
  23  2:14  Barracks Reactor  
  23  2:20  SCV  
  23  2:22  Refinery  
  24  2:32  SCV  
  24  2:35  Bunker  
  25  2:44  SCV  
  26  2:55  Orbital Command  
  26  2:56  SCV  
  27  3:00  Starport  
  27  3:07  Hellion x2  
  27  3:11  SCV  
  32  3:21  SCV  
  32  3:23  SCV  
  32  3:26  Supply Depot, Barracks Tech Lab  
  34  3:30  Refinery  
  34  3:33  SCV  
  35  3:35  SCV  
  35  3:40  Fusion Core  
  36  3:45  SCV  
  36  3:47  SCV  
  38  3:53  Starport, Starport Tech Lab  
  38  4:00  SCV x2  
  40  4:03  Refinery  
  40  4:07  Hellion x2  
  44  4:12  SCV x2  
  44  4:14  Supply Depot  
  46  4:17  Supply Depot  
  46  4:24  SCV x2  
  48  4:36  Battlecruiser  
  54  4:38  SCV  
  54  4:40  SCV  
  56  4:50  Supply Depot  
  56  4:51  SCV  
  56  4:52  SCV  
  58  4:59  Battlecruiser  
  64  5:05  SCV x2  
  66  5:10  Supply Depot  
  66  5:14  Supply Depot  
  66  5:17  SCV x2  
  66  5:20  Hellion x2  
  72  5:26  Weapon Refit  
  72  5:29  SCV x2  
  74  5:40  Battlecruiser  
  74  5:41  SCV  
  81  5:48  Command Center  
  81  5:50  SCV  
  82  5:57  SCV  
  82  6:02  SCV  
  84  6:10  SCV  
  84  6:11  Factory  
  85  6:13  Supply Depot, Factory  
  85  6:14  SCV, Supply Depot  
  85  6:16  Hellion x2  
  90  6:26  SCV  
  91  6:35  Battlecruiser, Armory  
  91  6:37  Armory  
  101  6:40  Hellion x2  
  101  6:43  SCV x2  
  103  6:54  Supply Depot  
  103  6:55  Supply Depot  
  103  6:58  SCV x2  
  103  6:59  Engineering Bay  
  105  7:09  Factory Tech Lab x2  
  105  7:10  SCV  
  105  7:12  Factory  
  105  7:14  Factory  
  106  7:22  SCV x2  
  108  7:26  Terran Vehicle Weapons Level 1  
  108  7:27  Terran Vehicle And Ship Armor Level 1  
  108  7:28  Orbital Command  
  108  7:30  Refinery  
  108  7:31  Refinery  
  108  7:32  Siege Tank  
  108  7:34  SCV x2  
  113  7:41  Siege Tank  
  116  7:46  SCV x2  
  116  7:48  Supply Depot  
  116  7:50  Supply Depot  
  118  7:51  Supply Depot  
  118  7:57  Factory Reactor  
  118  7:58  SCV, Factory Tech Lab  
  118  7:59  SCV  
  118  8:01  SCV  
  118  8:05  Siege Tank  
  124  8:06  Hellion x2  
  124  8:10  SCV  
  124  8:11  SCV  
  130  8:13  SCV  
  130  8:16  Siege Tank  
  130  8:17  Siege Tank  
  137  8:23  SCV  
  137  8:26  Command Center  
  138  8:31  Hellion  
  138  8:32  Supply Depot, Hellion  
  138  8:33  Supply Depot  
  142  8:34  Supply Depot  
  142  8:37  Hellion x2  
  142  8:38  Siege Tank  
  149  8:47  Sensor Tower  
  149  8:48  Siege Tank  
  152  8:52  Siege Tank  
  155  8:56  Sensor Tower  
  155  9:04  Command Center  
  155  9:05  Hellion  
  155  9:06  Hellion x3  
  155  9:07  Command Center  
  163  9:13  Missile Turret  
  163  9:14  Missile Turret  
  163  9:16  Missile Turret  
  163  9:21  Refinery  
  163  9:22  Missile Turret  
  163  9:23  Refinery  
Show
View Real Time Build Order
Export as new Build Order

A.I. 2 (Very Easy) Zerg 

Build Orders: Pool First 

Get SALT Encoding   

  12  0:01  Drone  
  13  0:12  Overlord  
  13  0:17  Drone  
  14  0:36  Spawning Pool  
  14  0:37  Extractor  
  14  0:40  Drone  
  13  0:48  Drone  
  14  0:52  Overlord  
  14  1:23  Zergling x2  
  14  1:25  Queen  
  17  1:33  Roach Warren  
  17  1:36  Drone  
  17  1:41  Extractor  
  17  1:45  Drone  
  17  1:50  Zergling x2  
  18  2:04  Drone  
  19  2:11  Drone  
  20  2:16  Zergling x2  
  20  2:19  Drone  
  22  2:30  Overlord  
  22  2:34  Drone  
  23  2:41  Drone  
  23  2:43  Roach  
  26  2:48  Drone  
  27  6:13  Queen, Zergling x2  
  27  6:15  Drone  
  24  6:22  Drone  
  15  6:29  Drone  
  9  6:36  Drone  
  9  6:39  Zergling x2  
  8  6:44  Drone, Overlord  
  5  6:51  Drone  
  6  6:58  Drone  
  7  7:05  Drone  
  7  7:06  Zergling x2  
  9  7:12  Drone  
  9  7:13  Lair  
  10  7:20  Drone  
  10  7:21  Hatchery  
  10  7:27  Drone, Overlord  
  8  7:35  Drone, Roach  
  10  7:42  Drone  
  10  7:49  Drone  
  11  7:56  Drone  
  11  7:58  Spawning Pool  
  11  8:03  Drone  
  10  8:13  Overseer x2  
  10  8:17  Drone  
  11  8:32  Drone  
  10  8:43  Drone  
  10  8:46  Zergling x2  
  10  8:50  Drone  
  10  8:51  Hatchery  
Tags
 
Composition
Mech
League
Master
Matchup
TvZ
Opening
Pool First
Spawn Locations
Cross Positions
Add a new tag
Caveats
  • Supply blocks, unpowered buildings, or Contaminate may cause inaccurate times.
  • Supply counts are checked every 10 seconds.